 Dungeon Crawl Stone Soup version 0.22-a0-392-g5dc3fd9 (webtiles) character file.

325 iamserjio the Magician (level 6, -5/32 HPs)
             Began as a Deep Elf Fire Elementalist on May 2, 2018.
             Was an Initiate of Vehumet.
             Slain by a killer bee (6 damage)
             ... on level 5 of the Dungeon.
             The game lasted 00:11:45 (3515 turns).

iamserjio the Magician (Deep Elf Fire Elementalist) Turns: 3515, Time: 00:11:46

Health: -5/32      AC:  3    Str:  5    XL:     6   Next: 24%
Magic:  16/16      EV: 13    Int: 22    God:    Vehumet [......]
Gold:   284        SH:  0    Dex: 15    Spells: 3/16 levels left

rFire    . . .     SeeInvis +   t - +0 dagger (pain)
rCold    + . .     Gourm    .   (no shield)
rNeg     . . .     Faith    .   a - +0 robe
rPois    .         Spirit   .   (no helmet)
rElec    .         Reflect  .   y - +0 cloak
rCorr    .         Harm     .   (no gloves)
MR       .....                  (no boots)
Stlth    ++........             (no amulet)
HPRegen  0.10/turn              s - ring "Jolac" {rC+ SInv}
MPRegen  0.15/turn              (no ring)

@: lethally poisoned (-5 -> -8)
A: no striking features
a: Renounce Religion


You were on level 5 of the Dungeon.
You worshipped Vehumet.
Vehumet was noncommittal.
You were hungry.

You visited 2 branches of the dungeon, and saw 6 of its levels.

You collected 284 gold pieces.

Inventory:

Hand Weapons
 b - a +0 trident
 f - a +0 spear
 t - a +0 dagger of pain (weapon)
Armour
 a - a +0 robe (worn)
 y - a +0 cloak (worn)
Jewellery
 s - the ring "Jolac" (left hand) {rC+ SInv}
   (You found it on level 4 of the Dungeon)

   [ring of see invisible]

   It protects you from cold.
   It lets you see invisible.
 w - an uncursed ring of stealth {unknown}
Wands
 o - a wand of digging (3)
Scrolls
 i - 2 scrolls of remove curse
 j - a scroll of fog {unknown}
 k - a scroll of immolation {unknown}
 l - a scroll of blinking {unknown}
 q - a scroll of teleportation {unknown}
 u - 2 scrolls of identify {unknown}
 v - a scroll of enchant armour {unknown}
 z - a scroll of summoning {unknown}
Potions
 d - a potion of mutation {unknown}
 e - a potion of lignification {unknown}
 g - a potion of agility {unknown}
 h - 2 potions of ambrosia {unknown}
 m - a potion of degeneration {unknown}
 n - a potion of curing {unknown}
 p - 3 potions of heal wounds {unknown}
 r - a potion of brilliance {unknown}
 x - a potion of berserk rage {unknown}
Comestibles
 c - 9 rations


   Skills:
 - Level 2.4 Dodging
 - Level 2.4 Stealth
 + Level 5.5 Spellcasting
 + Level 4.0 Conjurations
 + Level 5.2 Fire Magic


You had 3 spell levels left.
You knew the following spells:

 Your Spells              Type           Power        Failure   Level  Hunger
a - Flame Tongue          Conj/Fire      ####.        1%          1    None
b - Conjure Flame         Conj/Fire      ####....     4%          3    ##.....
c - Sticky Flame          Conj/Fire      ####....     14%         4    ####...
d - Fireball              Conj/Fire      ####......   36%         5    #####..


Dungeon Overview and Level Annotations

Branches:
Dungeon (5/15)             Temple (1/1) D:4

Altars:
Ashenzari
Cheibriados
Dithmenos
Elyvilon
Fedhas
Gozag
Hepliaklqana
Kikubaaqudgha
Makhleb
Okawaru
Qazlal
Ru
Sif Muna
Vehumet
Xom
Yredelemnul
The Shining One


Message History

The killer bee stings you. x2
You are poisoned.
The killer bee poisons you!
You feel sick.
The killer bee stings you but does no damage.
The killer bee stings you. x2
You feel sick.
The killer bee buzzes angrily.
The killer bee barely misses you. The killer bee stings you!
* * * LOW HITPOINT WARNING * * *
The killer bee barely misses you.
You hear a distant blaring wail to the southwest.
Okay, then.
There is a stone staircase leading up here.
* * * LOW HITPOINT WARNING * * *
You feel sick. The killer bee stings you.
* * * LOW HITPOINT WARNING * * *
The killer bee misses you. The killer bee barely misses you.
The killer bee stings you.
You die...

............#(.
.#...........
...g......#
####.......##.#
.......g.....
#^.....##
#..yy#
##yyO####
#.Zg.y@##
##...yy.##
#......>###
#.........#
#.......#....
##.....######
#.......#
#.......#
#.......#


You could see an ogre, 5 killer bees, a gnoll and a leopard gecko zombie.

Vanquished Creatures
  An orc priest (D:3)
  3 orc wizards
  A worker ant (D:4)
  8 adders
  2 oozes
  An adder skeleton (D:4)
  3 worms
  A dart slug (D:2)
  3 leopard geckos
  11 orcs
  6 bats
  3 giant cockroaches
  8 goblins
  3 hobgoblins
  9 jackals
  3 quokkas
  3 frilled lizards
  7 kobolds
  A quokka skeleton (D:4)
  12 rats
89 creatures vanquished.

Notes
Turn   | Place    | Note
-------+----------+-------------------------------------------
     0 | D:1      | iamserjio the Deep Elf Fire Elementalist began the quest for the Orb.
     0 | D:1      | Reached XP level 1. HP: 10/10 MP: 6/6
    93 | D:1      | Reached XP level 2. HP: 15/15 MP: 1/8
   637 | D:1      | You fall through a shaft!
   637 | D:2      | Found a faded altar of an unknown god.
   641 | D:2      | Reached XP level 3. HP: 19/19 MP: 5/10
  1558 | D:3      | Reached XP level 4. HP: 24/24 MP: 8/12
  1563 | D:3      | Learned a level 3 spell: Conjure Flame
  1568 | D:3      | Learned a level 4 spell: Sticky Flame
  1864 | D:3      | Found a glowing golden altar of the Shining One.
  1895 | D:3      | Found a white marble altar of Elyvilon.
  2144 | D:3      | Reached XP level 5. HP: 22/28 MP: 1/14
  2345 | D:4      | Reached skill level 5 in Spellcasting
  2357 | D:4      | Reached skill level 5 in Fire Magic
  2473 | D:4      | Reached XP level 6. HP: 32/32 MP: 8/16
  2533 | D:4      | Got a transparent amber ring
  2618 | D:4      | Found a blossoming altar of Fedhas.
  2865 | D:3      | Identified the ring "Jolac" {rC+ SInv} (You found it on level 4 of the Dungeon)
  2967 | D:4      | Found a staircase to the Ecumenical Temple.
  2985 | Temple   | Entered the Ecumenical Temple
  2996 | Temple   | Became a worshipper of Vehumet
  3182 | D:4      | Found a shimmering altar of Xom.
  3467 | D:5      | Entered Level 5 of the Dungeon
  3488 | D:5      | Learned a level 5 spell: Fireball
  3490 | D:5      | Found a shimmering altar of Xom.
  3515 | D:5      | HP: 1/32 [killer bee (3)]
  3515 | D:5      | Slain by a killer bee

Vault maps used:
D:1:      dpeg_arrival_tiny_g, minmay_tripent
D:2:      chequers_ecumenical_altar_simple_redux
D:3:      lemuel_round_altar, elyvilon_altar_3
D:4:      old_standard_altar, temple_fountains, first_ration, led_xom_imps
D:5:      kennysheep_mini
Temple:   nicolae_temple_x_marks_the_god

Skill      XL: |  1  2  3  4  5  6 |
---------------+-------------------+-----
Conjurations   | 2 3 4 |  4.0
Fire Magic     | 4 5 |  5.2
Spellcasting   | 4 5 |  5.5
Dodging        | |  2.4
Stealth        | |  2.4

Action                   |  1- 3 |  4- 6 || total
-------------------------+-------+-------++-------
Melee: Club              |     4 |     1 ||     5
       Dagger            |       |     9 ||     9
 Cast: Flame Tongue      |    69 |   103 ||   172
       Conjure Flame     |       |     1 ||     1
  Use: Scroll            |       |     1 ||     1
  Eat: Chunk             |     2 |     5 ||     7
Armor: Robe              |     2 |     5 ||     7
Dodge: Dodged            |     9 |    41 ||    50

Table legend:
 A = Spawn XP
 B = Non-spawn XP
 C = Spawn XP percentage of total XP
 D = Spawn monster count
 E = Non-spawn monster count
 F = Spawn count percentage of total count
 G = Total turns spent on level
                    A         B        C        D         E        F      G
               +---------+---------+-------+---------+---------+-------+---------
         Total |       0 |     465 |   0.0 |       0 |      89 |   0.0 |  3515
               +---------+---------+-------+---------+---------+-------+---------
           D:1 |       0 |      50 |   0.0 |       0 |      27 |   0.0 |   895
           D:2 |       0 |      44 |   0.0 |       0 |      16 |   0.0 |   658
           D:3 |       0 |     175 |   0.0 |       0 |      28 |   0.0 |  1032
           D:4 |       0 |     196 |   0.0 |       0 |      18 |   0.0 |   860
               +---------+---------+-------+---------+---------+-------+---------
